 Dungeon Sprint DCSS version 0.29-a0-775-g4d7333d4e2 (webtiles) character file.

Game seed: 6337493909772994701

13939 mhtbhm the Ninja (level 11, -2/56 HPs)
             Began as a Spriggan Enchanter on July 1, 2022.
             Was the Champion of Dithmenos.
             Killed from afar by a nagaraja (26 damage)
             ... with a poison arrow
             ... in the Dungeon (Sprint III: "The Ten Rune Challenge").
             The game lasted 00:07:08 (2300 turns).

mhtbhm the Ninja (Spriggan Enchanter)               Turns: 2300, Time: 00:07:09

Health: -2/56      AC:  2    Str:  4    XL:     11   Next: 82%
Magic:  22/31      EV: 25    Int: 18    God:    Dithmenos [******]
Gold:   58         SH:  0    Dex: 19    Spells: 23/40 levels left

rFire   . . .      SeeInvis +   a - +1 dagger
rCold   . . .      Faith    .   (no shield)
rNeg    . . .      Spirit   .   b - +0 robe
rPois   .          Reflect  .   (helmet restricted)
rElec   .          Harm     .   (no cloak)
rCorr   .          Rampage  .   (gloves unavailable)
Will    +....      NoTele   +   (boots unavailable) Stlth *********+
                                (no amulet)
HPRegen 0.18/turn               (no ring)
MPRegen 0.22/turn               (no ring)

@: lethally poisoned (-2 -> -32), wreathed by umbra, very quick
A: very small, no large weapons, unfitting armour, see invisible, speed 3
a: Renounce Religion, Shadow Step, Shadow Form


You were in the Dungeon.
You worshipped Dithmenos.
Dithmenos was exalted by your worship.
You visited 1 branch You collected 58 gold pieces.

Inventory:

Hand Weapons
 a - a +1 dagger (weapon)
Armour
 b - a +0 robe (worn)
Wands
 f - a wand of acid (13)
Scrolls
 j - a scroll of poison {unknown}
 k - 3 scrolls of identify
 l - a scroll of torment {unknown}
Potions
 c - a potion of invisibility
 d - 3 potions of curing
 e - 2 potions of heal wounds
 g - 2 potions of magic
 h - 3 potions of mutation {unknown}
 m - a potion of brilliance {unknown}
 n - a potion of berserk rage
Miscellaneous
 o - a condenser vane


   Skills:
 + Level 5.3 Fighting
 + Level 9.1 Short Blades
 + Level 10.6 Dodging
 O Level 27 Stealth
 + Level 15.1 Spellcasting
 + Level 1.4 Conjurations
 + Level 16.3 Hexes
 + Level 6.7 Ice Magic
 + Level 2.9 Invocations


You had 23 spell levels left.
You knew the following spells:

 Your Spells              Type           Power      Damage    Failure   Level
a - Ensorcelled Hibernat  Hex/Ice        100%       N/A       1%          2
b - Confusing Touch       Hex            64%        N/A       1%          3
c - Tukima's Dance        Hex            64%        N/A       1%          3
d - Dazzling Flash        Conj/Hex       90%        N/A       1%          3
e - Mephitic Cloud        Conj/Pois/Air  15%        N/A       12%         3
f - Swiftness             Air            13%        N/A       14%         3

Your spell library contained the following spells:

 Spells                   Type           Power      Damage    Failure   Level
 Magic Dart               Conj           72%        1d6       2%          1
 Call Imp                 Summ           13%        N/A       7%          2
 Passwall                 Tmut/Erth      10%        N/A       7%          2


Dungeon Overview and Level Annotations

Branches:
Dungeon (1/1)

Altars:
Cheibriados
Dithmenos
Elyvilon
Fedhas
Gozag
Hepliaklqana
Kikubaaqudgha
Makhleb
Nemelex Xobeh
Okawaru
Qazlal
Ru
Sif Muna
Trog
Uskayaw
Vehumet
Wu Jian
Xom
Yredelemnul
Zin
The Shining One
Beogh
Jiyva
Lugonu

Shops:
D [!


Innate Abilities, Weirdness & Mutations

You are very small and have problems with some larger weapons.
You are too small for most types of armour.
You have supernaturally acute eyesight. (SInv)
You cover ground extremely quickly. (Speed+++)


Message History

Casting: Confusing Touch (safe; 1% risk of failure)
Confirm with . or Enter, or press ? or * to list all spells.
Aiming: Ensorcelled Hibernation (safe; 1% risk of failure)
Press: ? - help, Shift-Dir - straight line, f - nagaraja
Aim: a nagaraja, wielding a +0 club and wearing a +0 robe (black smoke, severely wounded, umbra, chance to affect: 0%)
Okay, then.
Casting: Ensorcelled Hibernation (safe; 1% risk of failure)
Confirm with . or Enter, or press ? or * to list all spells.
Casting: Dazzling Flash (safe; 1% risk of failure)
Press: ? - help, Dir - look around, f - activate Look: a nagaraja, wielding a +0 club and wearing a +0 robe (black smoke, severely wounded, umbra, chance to dazzle: 33%)
Okay, then.
Casting: Dazzling Flash (safe; 1% risk of failure)
Confirm with . or Enter, or press ? or * to list all spells.
Casting: Dazzling Flash (safe; 1% risk of failure)
Press: ? - help, Dir - look around, f - activate The nagaraja spits poison at you.
The splash of poison hits you!
You are poisoned.
* * * LOW HITPOINT WARNING * * *
Unknown command.
Unknown command.
Unknown command.
Unknown command.
You feel better.
Casting: Dazzling Flash (safe; 1% risk of failure)
Confirm with . or Enter, or press ? or * to list all spells.
Casting: Dazzling Flash (safe; 1% risk of failure)
Press: ? - help, Dir - look around, f - activate Unknown command.
Unknown command.
Casting: Dazzling Flash (safe; 1% risk of failure)
Confirm with . or Enter, or press ? or * to list all spells.
Casting: Dazzling Flash (safe; 1% risk of failure)
Press: ? - help, Dir - look around, f - activate The nagaraja is dazzled.
The nagaraja gestures at you while chanting.
The poison arrow hits you!!
You are lethally poisoned!
You die...

♣†....##......#
########'###########
#.....†.....##
#............#
###########..#
##...........#
#....)......##
#..##########
#.......@§§§##
##.......§N§§#
##########§§#
##.N.....§§§§#
#∩.N.....§§§##
#∩.########## #


You could see a nagaraja (blind, catching breath).

Vanquished Creatures
  2 hydras (D)
  Erolcha (D)
  A naga warrior (D)
  6 anacondas (D)
  Urug (D)
  A death drake (D)
  A lindwurm (D)
  A deep elf pyromancer (D)
  4 black mambas (D)
  2 cane toads (D)
  A rime drake (D)
  A komodo dragon (D)
  2 tyrant leeches (D)
  3 wandering mushrooms (D)
  A shadow (D)
  A spatial vortex (D)
  5 redbacks (D)
  A naga (D)
  3 water moccasins (D)
  A swamp drake (D)
  5 two-headed ogres (D)
  A necrophage (D)
  A water elemental (D)
  An electric eel (D)
  A jelly (D)
  Jessica (D)
  A wizard (D)
  A necromancer (D)
  3 humans (D)
  A kobold demonologist (D)
  2 adders (D)
  A phantom (D)
  An endoplasm (D)
  A rat (D)
60 creatures vanquished.

Notes
Turn   | Place    | Note
-------+----------+-------------------------------------------
     0 | D        | mhtbhm the Spriggan Enchanter began the quest for the Orb.
     0 | D        | Reached XP level 1. HP: 9/9 MP: 5/5
    12 | D        | Reached skill level 5 in Stealth
    24 | D        | Noticed Jessica
    29 | D        | Killed Jessica
    30 | D        | Reached skill level 7 in Stealth
    30 | D        | Reached skill level 5 in Hexes
    30 | D        | Reached XP level 2. HP: 13/13 MP: 5/7
    62 | D        | Learned a level 2 spell: Ensorcelled Hibernation
    82 | D        | Reached skill level 8 in Stealth
    82 | D        | Reached XP level 3. HP: 16/16 MP: 3/9
   229 | D        | Learned a level 3 spell: Confusing Touch
   233 | D        | Learned a level 3 spell: Tukima's Dance
   264 | D        | Noticed a water elemental
   266 | D        | Killed a water elemental
   267 | D        | Reached skill level 10 in Stealth
   267 | D        | Reached XP level 4. HP: 21/21 MP: 9/11
   278 | D        | Found a shadowy altar of Dithmenos.
   278 | D        | Noticed a necrophage
   279 | D        | Found a basalt altar of Yredelemnul.
   279 | D        | Found a sacrificial altar of Ru.
   281 | D        | Reached skill level 5 in Spellcasting
   289 | D        | Killed a necrophage
   290 | D        | Reached skill level 11 in Stealth
   290 | D        | Reached XP level 5. HP: 24/24 MP: 9/14
   291 | D        | Became a worshipper of Dithmenos the Shadowed
   340 | D        | Learned a level 3 spell: Dazzling Flash
   340 | D        | Found a radiant altar of Vehumet.
   341 | D        | Found a shimmering blue altar of Sif Muna.
   341 | D        | Found an ancient bone altar of Kikubaaqudgha.
   343 | D        | Reached skill level 5 in Dodging
   343 | D        | Reached skill level 12 in Stealth
   345 | D        | Noticed an ice devil
   525 | D        | Learned a level 3 spell: Mephitic Cloud
   531 | D        | Found a glowing silver altar of Zin.
   532 | D        | Found a glowing golden altar of the Shining One.
   532 | D        | Found a white marble altar of Elyvilon.
   532 | D        | Noticed a deep elf pyromancer
   534 | D        | Killed a deep elf pyromancer
   534 | D        | Reached * piety under Dithmenos
   535 | D        | Reached skill level 1 in Fighting
   535 | D        | Reached skill level 16 in Stealth
   535 | D        | Reached XP level 6. HP: 30/30 MP: 15/17
   535 | D        | Reached XP level 7. HP: 33/33 MP: 15/18
   544 | D        | Found a hide-covered altar of Uskayaw.
   544 | D        | Found an iron altar of Okawaru.
   545 | D        | Found a bloodstained altar of Trog.
   545 | D        | Found an ornate altar of the Wu Jian Council.
   545 | D        | Noticed a human
   545 | D        | Noticed a human
   554 | D        | Killed a human
   555 | D        | Reached skill level 1 in Ice Magic
   557 | D        | Killed a human
   558 | D        | Reached skill level 17 in Stealth
   611 | D        | Learned a level 3 spell: Swiftness
   624 | D        | Noticed a shadow
   626 | D        | Killed a shadow
   626 | D        | Reached ** piety under Dithmenos
   627 | D        | Reached XP level 8. HP: 38/38 MP: 21/21
   632 | D        | Found a blossoming altar of Fedhas.
   632 | D        | Found a stormy altar of Qazlal.
   633 | D        | Found a snail-covered altar of Cheibriados.
   633 | D        | Found a burning altar of Makhleb.
   633 | D        | Found a hazy altar of Hepliaklqana.
   633 | D        | Found a shimmering altar of Xom.
   633 | D        | Found an opulent altar of Gozag.
   633 | D        | Found a sparkling altar of Nemelex Xobeh.
   633 | D        | Found a corrupted altar of Lugonu.
   633 | D        | Found a viscous altar of Jiyva.
   635 | D        | Reached skill level 18 in Stealth
   656 | D        | Reached skill level 5 in Short Blades
   657 | D        | Reached *** piety under Dithmenos
   663 | D        | Noticed a two-headed ogre
   666 | D        | Killed a two-headed ogre
   667 | D        | Reached skill level 19 in Stealth
   670 | D        | Noticed a two-headed ogre
   670 | D        | Noticed Erolcha
   672 | D        | Killed Erolcha
   673 | D        | Reached skill level 21 in Stealth
   673 | D        | Reached XP level 9. HP: 43/43 MP: 21/23
   673 | D        | Killed a two-headed ogre
   689 | D        | Reached **** piety under Dithmenos
   690 | D        | Reached skill level 22 in Stealth
   701 | D        | Noticed a wandering mushroom
   706 | D        | Noticed a wandering mushroom
   708 | D        | Noticed a wandering mushroom
   709 | D        | Killed a wandering mushroom
   889 | D        | Reached skill level 23 in Stealth
  1103 | D        | Noticed a cane toad
  1103 | D        | Noticed a komodo dragon
  1103 | D        | Noticed a cane toad
  1107 | D        | Killed a cane toad
  1107 | D        | Reached ***** piety under Dithmenos
  1150 | D        | Killed a cane toad
  1151 | D        | Reached skill level 10 in Spellcasting
  1153 | D        | Killed a komodo dragon
  1154 | D        | Reached XP level 10. HP: 9/49 MP: 3/25
  1440 | D        | Reached skill level 24 in Stealth
  1463 | D        | Noticed a lindwurm
  1466 | D        | Killed a lindwurm
  1474 | D        | Noticed Urug
  1476 | D        | Killed Urug
  1476 | D        | Reached ****** piety under Dithmenos
  1477 | D        | Reached skill level 25 in Stealth
  1487 | D        | Noticed a four-headed hydra
  1487 | D        | Noticed a five-headed hydra
  1489 | D        | Killed a four-headed hydra
  1490 | D        | Killed a five-headed hydra
  1491 | D        | Reached skill level 26 in Stealth
  1494 | D        | Noticed a death drake
  1497 | D        | Killed a death drake
  1498 | D        | Reached XP level 11. HP: 46/54 MP: 19/28
  1549 | D        | Noticed an anaconda
  1551 | D        | Noticed an anaconda
  1555 | D        | Killed an anaconda
  1556 | D        | Reached skill level 5 in Ice Magic
  1564 | D        | Killed an anaconda
  1565 | D        | Reached skill level 27 in Stealth
  1565 | D        | Reached skill level 1 in Invocations
  1590 | D        | Noticed an anaconda
  1590 | D        | Noticed an anaconda
  1592 | D        | Killed an anaconda
  1593 | D        | Reached skill level 10 in Dodging
  1593 | D        | Reached skill level 1 in Conjurations
  1593 | D        | Reached skill level 15 in Hexes
  1601 | D        | Killed an anaconda
  1775 | D        | Noticed an anaconda
  1775 | D        | Noticed an anaconda
  1779 | D        | Killed an anaconda
  1780 | D        | Reached skill level 5 in Fighting
  1781 | D        | Killed an anaconda
  1896 | D        | Noticed a naga warrior
  1896 | D        | Noticed a nagaraja
  1896 | D        | Found Weniag's Antique Armour Shop.
  1896 | D        | Found Cetebb's Distillery.
  2098 | D        | Killed a naga warrior
  2099 | D        | Reached skill level 15 in Spellcasting
  2300 | D        | Killed from afar by a nagaraja

Illustrated notes

Levels and vault maps discovered:
D:        dungeon_sprint_mu [sprint_mu_entry_cave, sprint_mu_temple_rooms,
          sprint_mu_d1_spiders, sprint_mu_d2_genie, sprint_mu_d3_branching,
          sprint_mu_orc_legion, sprint_mu_elf_gauntlet, sprint_mu_hive_nellie,
          sprint_mu_lair_fedhas, sprint_mu_vaults_butterflies,
          sprint_mu_slime_circle, sprint_mu_swamp_cave, sprint_mu_snake_twists,
          sprint_mu_blade_basic, sprint_mu_crypt_fortress,
          sprint_mu_tomb_spiral, sprint_mu_vestibule_basic,
          sprint_mu_gehenna_hellfire, sprint_mu_dis_giant,
          sprint_mu_tartarus_statrot, sprint_mu_cocytus_islands, sprint_mu_zot1]

Skill      XL: |  1  2  3  4  5  6  7  8  9 10 11 |
---------------+----------------------------------+-----
Hexes          | 5 6 7 9 11 12 13 14 16 | 16.3
Stealth        | 7 8 10 11 16 17 21 23 26 27 | 27.0
Dodging        | 3 4 6 7 8 9 10 | 10.6
Spellcasting   | 3 4 5 7 8 9 10 12 15 | 15.1
Short Blades   | 2 4 6 7 9 |  9.1
Fighting       | 1 2 3 4 5 |  5.3
Ice Magic      | 1 2 4 6 |  6.7
Invocations    | 2 |  2.9
Conjurations   | 1 |  1.4

Action                   |  1- 3 |  4- 6 |  7- 9 | 10-12 || total
-------------------------+-------+-------+-------+-------++-------
Melee: Dagger            |     9 |    15 |    35 |    43 ||   102
 Cast: Ensorcelled Hiber |     2 |       |    12 |    13 ||    27
       Confusing Touch   |       |     1 |     3 |     1 ||     5
       Dazzling Flash    |       |     2 |     3 |     4 ||     9
Invok: Shadow Step       |       |       |       |     4 ||     4
  Use: Potion            |     1 |     1 |     2 |     1 ||     5
       Scroll            |       |       |     1 |       ||     1
 Stab: Sleeping          |     6 |     3 |    14 |    28 ||    51
       Confused          |       |     1 |       |     2 ||     3
       Invisible         |       |     1 |     2 |       ||     3
       Distracted        |       |       |       |     2 ||     2
Armor: Robe              |       |       |     1 |       ||     1
Dodge: Dodged            |     3 |    12 |    21 |    24 ||    60

Table legend: (Time is in decaauts)
 A = Elapsed time spent in this place.
 B = Non-inter-level travel time spent in this place.
 C = Inter-level travel time spent in this place.
 D = Time resting spent in this place.
 E = Time spent auto-exploring this place.
 F = Levels seen in this place.
 G = Mean time per level.
                   A        B        C        D        E       F      G
               +--------+--------+--------+--------+--------+-----+--------+
         Total |   2078 |   2078 |      0 |   1558 |     74 |   1 | 2078.0 |
       Dungeon |   2078 |   2078 |      0 |   1558 |     74 |   1 | 2078.0 |
               +--------+--------+--------+--------+--------+-----+--------+

Top non-repeatable levels by time:
       D: 2078 daAuts
